 Dungeon Crawl Stone Soup version 0.30.1-1-g62c8e00024 (webtiles) character file.

Game seed: 10278091062017482822

112 booth the Chopper (level 4, -1/38 HPs)
             Began as a Gnoll Reaver on July 15, 2023.
             Slain by Natasha (7 damage)
             ... on level 2 of the Dungeon.
             The game lasted 00:08:17 (1759 turns).

booth the Chopper (Gnoll Reaver)                    Turns: 1759, Time: 00:08:18

Health: -1/38      AC:  4    Str: 13    XL:     4   Next: 95%
Magic:  20/20      EV: 12    Int: 13    God:
Gold:   143        SH:  0    Dex: 10    Spells: 10/13 levels left

rFire   . . .        a - +1 hand axe
rCold   . . .        (no shield)
rNeg    . . .        b - +1 leather armour
rPois   .            (no helmet)
rElec   .            (no cloak)
rCorr   .            (no gloves)
SInv    .            (no boots)
Will    .....        (no amulet)
Stlth   +            g - ring of magical power
HPRegen 0.26/turn    (no ring)
MPRegen 0.17/turn

%: no passive effects
@: lethally poisoned (-1 -> -4)
A: fangs 1, strong nose, distributed training
a: no special abilities


You were on level 2 of the Dungeon.
You visited 1 branch of the dungeon, and saw 2 of its levels.

You collected 143 gold pieces.

Inventory:

Hand Weapons
 a - a +1 hand axe (weapon)
 d - a +0 mace
Missiles
 h - 2 javelins
Armour
 b - a +1 leather armour (worn)
Jewellery
 g - a ring of magical power (left hand)
Scrolls
 e - a scroll of immolation {unknown}
 f - a scroll of blinking {unknown}
 i - a scroll of identify {unknown}
Potions
 c - a potion of resistance {unknown}


   Skills:
 + Level 4.7 Fighting
 + Level 1.3 Short Blades
 + Level 1.3 Long Blades
 + Level 6.6 Axes
 + Level 1.3 Maces & Flails
 + Level 1.3 Polearms
 + Level 1.3 Staves
 + Level 1.3 Ranged Weapons
 + Level 1.3 Throwing
 + Level 1.3 Armour
 + Level 4.7 Dodging
 + Level 1.3 Stealth
 + Level 1.3 Shields
 + Level 1.3 Unarmed Combat
 + Level 5.1 Spellcasting
 + Level 5.5 Conjurations
 + Level 1.1 Hexes
 + Level 1.1 Summonings
 + Level 1.1 Necromancy
 + Level 1.1 Translocations
 + Level 1.1 Transmutations
 + Level 1.1 Fire Magic
 + Level 1.1 Ice Magic
 + Level 1.1 Air Magic
 + Level 1.1 Earth Magic
 + Level 1.1 Poison Magic
 + Level 1.5 Invocations
 + Level 1.3 Evocations


You had 10 spell levels left.
You knew the following spells:

 Your Spells              Type           Power      Damage    Failure   Level
a - Kiss of Death         Conj/Necr      44%        2d8       6%          1
b - Momentum Strike       Conj/Tloc      22%        3d8       9%          2

Your spell library contained the following spells:

 Spells                   Type           Power      Damage    Failure   Level
 Hailstorm                Conj/Ice       11%        3d5       19%         3


Dungeon Overview and Level Annotations

Branches:
Dungeon (2/15)

Altars:

Annotations:
D:2 Natasha


Innate Abilities, Weirdness & Mutations

You have very sharp teeth.
Your uncanny sense of smell can sniff out nearby items.
Your experience applies equally to all skills.


Message History

You hit the ball python.
You kill the ball python!
You see here a ball python corpse.
There is a stone staircase leading down here.
You now have 134 gold pieces (gained 17).
You now have 143 gold pieces (gained 9).
Natasha, Servant of Life and Death comes into view.
Natasha hisses angrily.
An adder comes into view.
Natasha casts a spell.
The adder moves out of view.
You see here a scroll labelled METUAQ GEME.
Natasha claws you but does no damage. The adder bites you.
You are poisoned.
The adder poisons you! Natasha closely misses you.
You closely miss Natasha. You hit the adder but do no damage.
You feel sick.
The cerulean imp hits you but does no damage.
The adder closely misses you. Natasha misses you.
You barely miss Natasha. Your bite misses Natasha. You hit the adder.
You feel sick. The adder bites you.
The cerulean imp hits you from afar with a +1 spear.
Natasha closely misses you.
You miss Natasha. You bite Natasha, but do no damage. You miss the adder.
You feel sick. The adder bites you.
You are more poisoned.
The adder poisons you!
The cerulean imp hits you from afar with a +1 spear.
Natasha claws you. The adder barely misses you.
You feel sick. The cerulean imp misses you. The adder closely misses you.
Natasha claws you.
You miss the adder.
The adder is heavily wounded.
You barely miss Natasha.
You feel sick.
The cerulean imp hits you from afar with a +1 spear.
* * * LOW HITPOINT WARNING * * *
The adder bites you.
* * * LOW HITPOINT WARNING * * *
Natasha claws you!
You die...

#### ######## ...#
#@.....# ...## #
#Sh?...###### .....
....###.5..........
.#...
.5.........>.......
# .
....###............
.. #...###...#####
#...###.#.#####
#...#...†.....#
#...###.####### ∆


You could see Natasha, a cerulean imp (summoned) and an adder.

Vanquished Creatures
  Natasha (D:2)
  A gnoll (D:1)
  2 adders (D:2)
  2 worms (D:2)
  6 dart slugs
  6 ball pythons
  4 bats
  2 endoplasms
  A giant cockroach (D:2)
  2 goblins (D:1)
  3 hobgoblins (D:2)
  4 jackals
  3 frilled lizards
  2 kobolds
  4 rats
43 creatures vanquished.

Notes
Turn   | Place    | Note
-------+----------+-------------------------------------------
     0 | D:1      | booth the Gnoll Reaver began the quest for the Orb.
     0 | D:1      | Reached XP level 1. HP: 20/20 MP: 6/6
   107 | D:1      | Reached XP level 2. HP: 21/26 MP: 7/7
   116 | D:1      | Learned a level 2 spell: Momentum Strike
   314 | D:1      | Noticed a great orb of eyes
   322 | D:1      | Found a faded altar of an unknown god.
   324 | D:1      | Noticed a shining eye
   325 | D:1      | Noticed a shining eye
   325 | D:1      | Noticed an eye of devastation
   466 | D:1      | Reached skill level 5 in Spellcasting
   466 | D:1      | Reached XP level 3. HP: 31/31 MP: 7/9
   638 | D:1      | Reached skill level 1 in Invocations
  1126 | D:1      | You fall into a shaft and drop 1 floor!
  1170 | D:2      | Reached skill level 1 in Short Blades
  1170 | D:2      | Reached skill level 1 in Long Blades
  1170 | D:2      | Reached skill level 1 in Maces & Flails
  1170 | D:2      | Reached skill level 1 in Polearms
  1170 | D:2      | Reached skill level 1 in Staves
  1170 | D:2      | Reached skill level 1 in Ranged Weapons
  1170 | D:2      | Reached skill level 1 in Throwing
  1170 | D:2      | Reached skill level 1 in Armour
  1170 | D:2      | Reached skill level 1 in Stealth
  1170 | D:2      | Reached skill level 1 in Shields
  1170 | D:2      | Reached skill level 1 in Unarmed Combat
  1170 | D:2      | Reached skill level 1 in Evocations
  1278 | D:2      | Reached XP level 4. HP: 38/38 MP: 11/11
  1390 | D:2      | Noticed Natasha
  1407 | D:2      | Killed Natasha
  1408 | D:2      | Reached skill level 1 in Hexes
  1408 | D:2      | Reached skill level 1 in Summonings
  1408 | D:2      | Reached skill level 1 in Necromancy
  1408 | D:2      | Reached skill level 1 in Translocations
  1408 | D:2      | Reached skill level 1 in Transmutations
  1408 | D:2      | Reached skill level 1 in Fire Magic
  1408 | D:2      | Reached skill level 1 in Ice Magic
  1408 | D:2      | Reached skill level 1 in Air Magic
  1408 | D:2      | Reached skill level 1 in Earth Magic
  1408 | D:2      | Reached skill level 1 in Poison Magic
  1746 | D:2      | Noticed Natasha
  1759 | D:2      | Slain by Natasha

Illustrated notes

Levels and vault maps discovered:
D:1:      amcnicky_arrival_choice, layout_basic,
          hellmonk_ecumenical_altar_watching_god
D:2:      layout_basic, grunt_decor_fettered, nicolae_wormholes, uniq_natasha,
          uniq_crazy_yiuf_cottage

Skill      XL: |  1  2  3  4 |
---------------+-------------+-----
Spellcasting   | 5 |  5.1
Invocations    | 1 |  1.5
Short Blades   | 1 |  1.3
Long Blades    | 1 |  1.3
Maces & Flails | 1 |  1.3
Polearms       | 1 |  1.3
Staves         | 1 |  1.3
Ranged Weapons | 1 |  1.3
Throwing       | 1 |  1.3
Armour         | 1 |  1.3
Stealth        | 1 |  1.3
Shields        | 1 |  1.3
Unarmed Combat | 1 |  1.3
Evocations     | 1 |  1.3
Hexes          | 1 |  1.1
Summonings     | 1 |  1.1
Necromancy     | 1 |  1.1
Translocations | 1 |  1.1
Transmutations | 1 |  1.1
Fire Magic     | 1 |  1.1
Ice Magic      | 1 |  1.1
Air Magic      | 1 |  1.1
Earth Magic    | 1 |  1.1
Poison Magic   | 1 |  1.1
Fighting       | |  4.7
Axes           | |  6.6
Dodging        | |  4.7
Conjurations   | |  5.5

Action                     |  1- 3 |  4- 6 || total
---------------------------+-------+-------++-------
  Melee: Hand axe          |   118 |    48 ||   166
         Bite              |    12 |     7 ||    19
   Cast: Kiss of Death     |     1 |       ||     1
    Use: Scroll            |     3 |       ||     3
   Stab: Sleeping          |       |     1 ||     1
 Armour: Leather armour    |    22 |    11 ||    33
  Dodge: Dodged            |    68 |    35 ||   103
